cohdb
Replays
Latest Replays
All Replays
Popular Replays
Top Player Replays
Match Explorer
How It Works
Community
CoH3 Stats
Reddit
Sign in to upload your games and track your stats! →
Sign in with Steam
Match 39961096
Unlisted
Match 39961096
Overview
Messages
Build Orders
End
Construct Infanterie Kompanie
Selects Terror Battlegroup
Selects Machine Gun Camouflage
MG 42 Machine Gun Team
Grenadier Squad
Grenadier Squad
Construct Panzergrenadier Kompanie
251 Medium Carrier
Panzergrenadier Squad
Pak 40 Anti-tank Gun Team
Panzergrenadier Squad
MG 42 Bunker
Selects Defend the Fatherland
Support Elements
MG 42 Bunker
StuG III G Assault Gun
Grenadier Squad
Pak 40 Anti-tank Gun Team
Selects King Tiger Heavy Tank
Selects King Tiger Heavy Tank
King Tiger Heavy Tank
MG 42 Bunker
MG 42 Bunker
Pioneer Squad
MG 42 Bunker
Selects Interrogate
MG 42 Bunker
The Kaiser
An 'orrible Cunt
potatoo
ajmonsterman
[GG]Onkel Stonkel
[GG]Quiq
0
0
Comments
sign in to comment!
No comments posted yet!